 Dungeon Sprint DCSS version 0.21-a0-72-gbbb65ab (webtiles) character file.

28 Kidiri the Insei (level 3, -2/28 HPs)
             Began as a Merfolk Transmuter on June 20, 2017.
             Was a Believer of Wu Jian.
             Slain by a fire bat (6 damage)
             ... in the Dungeon (Sprint VII: "The Pits").
             The game lasted 00:02:23 (351 turns).

Kidiri the Insei (Merfolk Transmuter)                Turns: 351, Time: 00:02:25

Health: -2/28      AC:  2    Str: 11    XL:     3   Next: 14%
Magic:  5/7        EV: 22    Int: 12    God:    Wu Jian [**....]
Gold:   0          SH:  0    Dex: 19    Spells: 3/7 levels left

rFire    . . .     SeeInvis .     - Unarmed
rCold    . . .     Gourm    .   (shield currently unavailable)
rNeg     . . .     Faith    .   (armour currently unavailable)
rPois    x         Spirit   .   (helmet currently unavailable)
rElec    .         Reflect  .   (cloak currently unavailable)
rCorr    .         Harm     .   (gloves currently unavailable)
MR       .....     NoTele   +   (boots currently unavailable)
Stlth    ++........             (no amulet)
HPRegen  0.09/turn              (no ring)
MPRegen  0.10/turn              (no ring)

@: spider-form (expiring)
A: (change form in water), (swift swim), (stealthy swim)
a: End Transformation, Renounce Religion


You were in the Dungeon.
You worshipped Wu Jian.
Wu Jian was pleased with you.
You were not hungry.
You were a venomous arachnid creature.
You visited 1 branch

Inventory:

Missiles
 a - 12 arrows
Armour
 b - a +0 robe (melded)
 r - a +3 ring mail
 s - a +3 scale mail
Scrolls
 j - a scroll of blinking
 l - 3 scrolls of remove curse
 m - 5 scrolls of amnesia
 n - a scroll of summoning
Potions
 e - 6 potions of curing
 f - 6 potions of heal wounds
 g - a potion of haste
 h - 4 potions of magic
 i - 3 potions of berserk rage
 k - 2 potions of invisibility
Books
 c - a book of Changes

   Spells                             Type                      Level
   a - Beastly Appendage              Transmutation                1
   b - Sticks to Snakes               Transmutation                2
   c - Spider Form                    Transmutation/Poison         3
   d - Ice Form                       Ice/Transmutation            4
   e - Blade Hands                    Transmutation                5
Comestibles
 d - 8 bread rations
 o - 40 fruits
 p - 7 meat rations
 q - 5 chunks of flesh


   Skills:
 * Level 2.9 Fighting
 + Level 1.1 Armour
 * Level 3.9 Dodging
 + Level 1.6 Stealth
 * Level 4.2 Unarmed Combat
 * Level 2.6 Spellcasting
 * Level 4.2 Transmutations
 + Level 0.0 Poison Magic


You had 3 spell levels left.
You knew the following spells:

 Your Spells              Type           Power        Failure   Level  Hunger
a - Beastly Appendage     Tmut           ##....       14%         1    #......
b - Spider Form           Tmut/Pois      #.........   54%         3    ###....


Dungeon Overview and Level Annotations

Branches:
Dungeon (1/1)

Altars:
Ashenzari
Cheibriados
Dithmenos
Elyvilon
Fedhas
Gozag
Hepliaklqana
Kikubaaqudgha
Makhleb
Nemelex Xobeh
Okawaru
Qazlal
Ru
Sif Muna
Trog
Uskayaw
Vehumet
Wu Jian
Xom
Yredelemnul
Zin
The Shining One
Beogh
Jiyva
Lugonu


Message History

The floating eye is heavily wounded.
The fire bat misses you.
Unknown command.
Your transformation is almost over.
The necrophage closely misses you.
Unknown command.
You bite the jackal!
You kill the jackal!
The Council accepts your kill. The fire bat barely misses you.
The necrophage closely misses you.
The floating eye gazes piercingly through you!
You shrug off the repeated paralysis!
A jackal and a bullfrog come into view.
You barely miss the fire bat. The fire bat bites you.
You are engulfed in flames!
* * * LOW HITPOINT WARNING * * *
The fire bat bites you.
* * * LOW HITPOINT WARNING * * *
You are engulfed in flames.
You die...

#.#..+รท.#))#####+###
#.#..####))##.......
#.#..#..#))##.......
#.#..#..#..##.......
#.##+#..#+###...<...
#.#...)....##.......
#.#........##.......
#'###########.......
#.nsbG..# ########
#.###Fh.# #.# ...#
#.# .#.# #.. .#.# #..
## # #.. ##


You could see a necrophage, a fire bat, a bullfrog, a floating eye and a jackal
(wandering).

Vanquished Creatures
  An adder (D)
  2 oozes (D)
  An adder skeleton (D)
  A jackal (D)
  3 frilled lizards (D)
  A kobold (D)
  2 rats (D)
11 creatures vanquished.

Notes
Turn   | Place    | Note
-------+----------+-------------------------------------------
     0 | D        | Kidiri the Merfolk Transmuter began the quest for the Orb.
     0 | D        | Reached XP level 1. HP: 15/15 MP: 3/3
    73 | D        | Found a bloodstained altar of Trog.
    73 | D        | Found a deep blue altar of Sif Muna.
    73 | D        | Found a viscous altar of Jiyva.
    73 | D        | Found a hazy altar of Hepliaklqana.
    73 | D        | Found an opulent altar of Gozag.
    74 | D        | Found a glowing golden altar of the Shining One.
    74 | D        | Found a glowing silver altar of Zin.
    74 | D        | Found a basalt altar of Yredelemnul.
    74 | D        | Found a shimmering altar of Xom.
    74 | D        | Found an ornate altar of the Wu Jian Council.
    74 | D        | Found a sacrificial altar of Ru.
    74 | D        | Found a stormy altar of Qazlal.
    74 | D        | Found an iron altar of Okawaru.
    74 | D        | Found a sparkling altar of Nemelex Xobeh.
    74 | D        | Found a burning altar of Makhleb.
    74 | D        | Found a blossoming altar of Fedhas.
    74 | D        | Found a white marble altar of Elyvilon.
    74 | D        | Found a shadowy altar of Dithmenos.
    74 | D        | Found a snail-covered altar of Cheibriados.
    76 | D        | Found a radiant altar of Vehumet.
    76 | D        | Found a corrupted altar of Lugonu.
    76 | D        | Found a roughly hewn altar of Beogh.
    77 | D        | Found a hide-covered altar of Uskayaw.
    77 | D        | Found an ancient bone altar of Kikubaaqudgha.
    77 | D        | Found a shattered altar of Ashenzari.
    83 | D        | Became a worshipper of the Wu Jian Council
   109 | D        | Reached XP level 2. HP: 21/22 MP: 3/5
   131 | D        | Reached * piety under Wu Jian
   166 | D        | Reached ** piety under Wu Jian
   166 | D        | Reached skill level 1 in Stealth
   168 | D        | Reached XP level 3. HP: 13/28 MP: 7/7
   170 | D        | Reached skill level 1 in Armour
   180 | D        | Learned a level 3 spell: Spider Form
   342 | D        | Noticed a floating eye
   342 | D        | Noticed a necrophage
   345 | D        | Paralysed by a floating eye for 3 turns
   347 | D        | Noticed a fire bat
   351 | D        | Noticed a bullfrog
   351 | D        | Slain by a fire bat

Vault maps used:
D:        pitsprint

Skill      XL: |  1  2  3 |
---------------+----------+-----
Dodging        | 3 |  3.9
Transmutations | 3 4 |  4.2
Fighting       | 2 |  2.9
Unarmed Combat | 4 |  4.2
Stealth        | 1 |  1.6
Armour         | 1 |  1.1
Spellcasting   | |  2.6

Action                   || total
-------------------------++-------
Melee: Unarmed           ||    27
       Headbutt          ||     3
 Cast: Beastly Appendage ||     4
       Spider Form       ||     1
Armor: Robe              ||     2
Dodge: Dodged            ||    26
